 Dungeon Sprint DCSS version 0.20-a0-1126-g0f15420 (webtiles) character file.

88 potatolord6000 the Covert (level 4, -2/25 HPs)
             Began as a Spriggan Assassin on May 17, 2017.
             Was an Initiate of Gozag.
             Slain by a wraith (3 damage)
             ... in the Dungeon (Sprint IX: "|||||||||||||||||||||||||||||").
             The game lasted 00:01:50 (524 turns).

potatolord6000 the Covert (Spriggan Assassin)        Turns: 524, Time: 00:01:51

Health: -2/25      AC:  3    Str:  7    XL:     4   Next: 29%
Magic:  5/5        EV: 23    Int: 15    God:    Gozag
Gold:   0          SH:  0    Dex: 21    Spells: 3/3 levels left

rFire    . . .     SeeInvis +   i - +2 rapier (elec)
rCold    . . .     Gourm    .   (shield restricted)
rNeg     . . .     Faith    .   c - +0 robe
rPois    .         Spirit   .   (helmet restricted)
rElec    .         Reflect  .   d - +0 cloak
rCorr    .         Harm     .   (gloves unavailable)
MR       .....     NoTele   +   (boots unavailable)
Stlth    ++++......             (no amulet)
Regen    0.1/turn               a - +3 ring of dexterity
MPRegen  0.1/turn               j - +3 ring of intelligence

@: lethally poisoned (-2 -> -6), gold aura, very quick
A: unfitting armour, see invisible, herbivore 3, speed 3, slow metabolism 2
a: Potion Petition, Call Merchant, Bribe Branch, Renounce Religion


You were in the Dungeon.
You worshipped Gozag.
Gozag was noncommittal.
You were completely stuffed.

You visited 1 branch

Inventory:

Hand Weapons
 i - a +2 rapier of electrocution (weapon)
Armour
 c - a +0 robe (worn)
 d - a +0 cloak (worn)
Jewellery
 a - a +3 ring of dexterity (left hand)
 j - a +3 ring of intelligence (right hand)
Scrolls
 f - 3 scrolls of remove curse
 g - 2 scrolls of amnesia
 m - 2 scrolls of blinking
Potions
 b - a potion of invisibility
 e - 2 potions of heal wounds
 h - 5 potions of curing
 k - 4 potions of magic
 l - a potion of berserk rage


   Skills:
 + Level 3.8 Fighting
 + Level 5.1 Short Blades
 - Level 2.0 Throwing
 + Level 6.2 Dodging
 + Level 8.8 Stealth


You had 3 spell levels left.
You didn't know any spells.

Dungeon Overview and Level Annotations

Branches:
Dungeon (1/1)

Altars:
Cheibriados
Dithmenos
Elyvilon
Fedhas
Gozag
Hepliaklqana
Kikubaaqudgha
Makhleb
Nemelex Xobeh
Okawaru
Qazlal
Ru
Sif Muna
Trog
Uskayaw
Vehumet
Wu Jian
Xom
Yredelemnul
Zin
The Shining One
Beogh
Jiyva
Lugonu


Innate Abilities, Weirdness & Mutations

You are very small and have problems with some larger weapons.
You are too small for most types of armour.
You have supernaturally acute eyesight. (SInv)
You are a herbivore.
You cover ground extremely quickly.
You need consume almost no food.


Message History

You hit the wraith but do no damage. The wraith closely misses you.
Unknown command.
Unknown command.
You hit the wraith but do no damage. Lightning courses through the wraith!
The wraith is heavily damaged.
The wraith misses you.
Unknown command.
You barely miss the wraith.
The wraith is heavily damaged.
* * * LOW HITPOINT WARNING * * *
You feel sick.
Unknown command.
You hit the wraith but do no damage.
The wraith is heavily damaged.
The wraith misses you.
You barely miss the wraith.
The wraith is heavily damaged.
The wraith hits you.
You die...
Your body crumbles into a pile of gold. ▓▓▓▓▓▓▓▓▓▓▓▓▓▓▓▓▓▓▓▓▓▓▓▓ +.To5YW@..[[[)|/.'______ ▓▓▓▓▓▓▓▓▓▓▓▓▓▓▓▓▓▓▓▓▓▓▓▓ $ $$$$$ $ $ $ $$$$$ $$$$$

You could see a troll, a wraith, an orc warrior, an ice beast and a quasit.

Vanquished Creatures
  A killer bee (D)
  A quasit (D)
  2 bat zombies (D)
  2 goblins (D)
  A hobgoblin (D)
  2 kobolds (D)
  A leopard gecko zombie (D)
  A quokka skeleton (D)
11 creatures vanquished.

Notes
Turn   | Place    | Note
-------+----------+-------------------------------------------
     0 | D        | potatolord6000 the Spriggan Assassin began the quest for the Orb.
     0 | D        | Reached XP level 1. HP: 10/10 MP: 2/2
    10 | D        | Reached skill level 6 in Stealth
   340 | D        | Noticed a quasit
   350 | D        | Reached XP level 2. HP: 12/15 MP: 3/3
   393 | D        | Reached skill level 7 in Stealth
   393 | D        | Reached XP level 3. HP: 14/20 MP: 4/4
   407 | D        | Found a roughly hewn altar of Beogh.
   407 | D        | Found a snail-covered altar of Cheibriados.
   407 | D        | Found a shadowy altar of Dithmenos.
   407 | D        | Found a white marble altar of Elyvilon.
   407 | D        | Found a blossoming altar of Fedhas.
   407 | D        | Found an opulent altar of Gozag.
   408 | D        | Found a hazy altar of Hepliaklqana.
   409 | D        | Found a viscous altar of Jiyva.
   410 | D        | Found an ancient bone altar of Kikubaaqudgha.
   411 | D        | Found a corrupted altar of Lugonu.
   412 | D        | Found a burning altar of Makhleb.
   413 | D        | Found a sparkling altar of Nemelex Xobeh.
   414 | D        | Found an iron altar of Okawaru.
   415 | D        | Became a worshipper of Gozag Ym Sagoz the Greedy
   416 | D        | Found a stormy altar of Qazlal.
   417 | D        | Found a sacrificial altar of Ru.
   418 | D        | Found a deep blue altar of Sif Muna.
   419 | D        | Found a bloodstained altar of Trog.
   420 | D        | Found a hide-covered altar of Uskayaw.
   421 | D        | Found a radiant altar of Vehumet.
   422 | D        | Found an ornate altar of the Wu Jian Council.
   423 | D        | Found a shimmering altar of Xom.
   424 | D        | Found a basalt altar of Yredelemnul.
   425 | D        | Found a glowing silver altar of Zin.
   426 | D        | Found a glowing golden altar of the Shining One.
   510 | D        | Noticed a troll
   510 | D        | Noticed an orc warrior
   510 | D        | Noticed an ice beast
   510 | D        | Noticed a wraith
   510 | D        | Noticed a killer bee
   518 | D        | Killed a killer bee
   518 | D        | Reached skill level 5 in Short Blades
   518 | D        | Reached skill level 8 in Stealth
   518 | D        | Reached XP level 4. HP: 4/25 MP: 5/5
   522 | D        | HP: 1/25 [poisoned by a killer bee]
   524 | D        | Slain by a wraith

Vault maps used:
D:        linesprint

Skill      XL: |  1  2  3 |
---------------+----------+-----
Stealth        | 6 7 8 |  8.8
Dodging        | 3 4 6 |  6.2
Fighting       | 2 3 |  3.8
Short Blades   | 3 4 5 |  5.1
Throwing       | |  2.0

Action                   |  1- 3 |  4- 6 || total
-------------------------+-------+-------++-------
Melee: Dagger            |    81 |       ||    81
       Rapier            |     7 |     6 ||    13
  Use: Potion            |     2 |       ||     2
  Eat: Bread ration      |     1 |       ||     1
Armor: Robe              |    17 |       ||    17
Dodge: Dodged            |    96 |     4 ||   100
